 Dungeon Crawl Stone Soup version 0.31.0-32-g396128a36d (webtiles) character file.

Game seed: 17779664722483895126

9352 Doomgape the Fighter (level 11, -15/76 HPs)
             Began as a Gargoyle Fighter on Mar 23, 2024.
             Killed from afar by a gargoyle (24 damage)
             ... with a stone arrow
             ... on level 12 of the Dungeon.
             The game lasted 00:21:13 (7837 turns).

Doomgape the Fighter (Gargoyle Fighter)             Turns: 7837, Time: 00:21:13

Health: -15/76     AC: 14    Str: 22    XL:     11   Next: 45%
Magic:  0/11       EV: 12    Int:  9    God:
Gold:   421        SH:  5    Dex: 11    Spells: 10/10 levels left

rFire   + . .        n - +7 hand cannon "Mule" {flame, backblast, rF+}
rCold   + . .        c - +0 buckler
rNeg    + . .        E - +0 leather armour of the Earth {Regen+}
rPois   ∞            D - +1 hat
rElec   +            p - +0 cloak {Stlth+}
rCorr   +            (no gloves)
SInv    .            (no boots)
Will    .....        i - amulet of guardian spirit
Stlth   +            e - ring of resist corrosion
HPRegen 1.12/turn    x - ring of protection from cold
MPRegen 0.12/turn

%: guardian spirit
@: on fire, glowing
A: sickness immunity, AC +8, negative energy resistance 1, electricity
resistance, torment resistance 1, petrification resistance
a: no special abilities


You were on level 12 of the Dungeon.
You visited 1 branch of the dungeon, and saw 11 of its levels.

You collected 595 gold pieces.
You spent 174 gold pieces at shops.

Inventory:

Hand Weapons
 a - a +0 flail
 n - the +7 hand cannon "Mule" (weapon) {flame, backblast, rF+}
   (You found it on level 2 of the Dungeon)

   rF+:       It protects you from fire.
Armour
 c - a +0 buckler (worn)
 p - a +0 cloak of stealth (worn)
 D - a +1 hat (worn)
 E - the +0 leather armour of the Earth (worn) {Regen+}
   (You found it on level 9 of the Dungeon)

   Regen+:    It increases your rate of health regeneration.
Jewellery
 e - a ring of resist corrosion (left hand)
 i - an amulet of guardian spirit (around neck)
 t - a +6 ring of strength
 x - a ring of protection from cold (right hand)
 H - a ring of fire
Wands
 b - a wand of acid (6)
 y - a wand of digging (8)
Scrolls
 f - 7 scrolls of identify
 j - a scroll of enchant armour
 l - a scroll of vulnerability
 q - 6 scrolls of teleportation
 s - a scroll of fog
 A - 3 scrolls of torment
 C - a scroll of amnesia
 F - a scroll of revelation
Potions
 d - 2 potions of might
 g - a potion of lignification {unknown}
 h - 11 potions of curing
 k - a potion of magic {unknown}
 m - 3 potions of mutation
 o - 3 potions of berserk rage
 r - 3 potions of ambrosia {unknown}
 u - a potion of cancellation {unknown}
 v - 3 potions of brilliance {unknown}
 w - a potion of enlightenment {unknown}
 z - a potion of attraction {unknown}


   Skills:
 - Level 11.7 Fighting
 - Level 5.3 Maces & Flails
 + Level 10.8 Ranged Weapons
 - Level 6.3 Armour
 + Level 3.0 Dodging
 - Level 6.3 Shields


You had 10 spell levels left.
You didn't know any spells.
Your spell library contained the following spells:

 Spells                   Type           Power      Damage    Failure   Level
 Magic Dart               Conj           0%         1d3       50%         1
 Necrotise                Necr           0%         1d4       50%         1
 Blink                    Tloc           0%         N/A       63%         2
 Call Imp                 Summ           0%         N/A       63%         2
 Tukima's Dance           Hex            0%         N/A       86%         3
 Vampiric Draining        Necr           0%         2d6       86%         3
 Animate Dead             Necr           0%         N/A       99%         4
 Martyr's Knell           Necr/Summ      0%         N/A       99%         4
 Passage of Golubria      Tloc           0%         N/A       99%         4
 Borgnjor's Vile Clutch   Necr/Erth      0%         N/A       100%        5
 Curse of Agony           Necr           0%         N/A       100%        5
 Yara's Violent Unravell  Hex/Alch       0%         3d3       100%        5
 Death Channel            Necr           0%         N/A       100%        6


Dungeon Overview and Level Annotations

Branches:
Dungeon (12/15)            Temple (0/1) D:4            Lair (0/5) D:11
    Orc: D:9-12

Altars:
Nemelex Xobeh
Qazlal
Zin

Shops:
D:7 *   D:9 !   D:12 =


Innate Abilities, Weirdness & Mutations

You are immune to sickness and miasma.
Your stone body is resilient. (AC +8)
You are immune to poison.
You resist negative energy. (rN+)
You are resistant to electric shocks. (rElec)
You are resistant to unholy torment.
You are immune to petrification.


Message History

The deep elf pyromancer is heavily wounded.
The deep elf pyromancer casts a spell.
The deep elf pyromancer blinks!
The deep elf pyromancer points at you and mumbles some strange words.
The pyre arrow hits you.
You are covered in intense liquid fire!
Fire: n) +7 hand cannon "Mule" {flame, backblast, rF+}
Press: ? - help, Q - select action, (/) - cycle Shift-Dir - straight line, f/p - deep elf pyromancer
Aim: a deep elf pyromancer, wielding a +4 dagger of venom and wearing a +0 chain mail (heavily wounded, 71% to hit)
You shoot a bolt. The bolt hits the deep elf pyromancer!!
The bolt burns the deep elf pyromancer.
You kill the deep elf pyromancer!
The fire elemental disappears in a puff of smoke!
The fire elemental disappears in a puff of smoke!
The liquid fire burns you!
Your Dodging skill increases to level 3!
Fire: n) +7 hand cannon "Mule" {flame, backblast, rF+}
Press: ? - help, Q - select action, (/) - cycle Shift-Dir - straight line, f - gargoyle
Aim: a gargoyle, wielding a +0 flail (black smoke, 83% to hit)
You shoot a bolt. The bolt hits the gargoyle!
The bolt burns the gargoyle.
The gargoyle is severely damaged.
The liquid fire burns you! The gargoyle hits you with a +0 flail.
* * * LOW HITPOINT WARNING * * *
You feel better. The liquid fire burns you!
The gargoyle hurls a stone arrow at you.
The stone arrow hits you!
* * * LOW HITPOINT WARNING * * *
You feel better. The liquid fire burns you!
* * * LOW HITPOINT WARNING * * *
The gargoyle hits you but does no damage.
Okay, then.
You shake off some of the fire as you move.
The liquid fire burns you!
* * * LOW HITPOINT WARNING * * *
The gargoyle hurls a stone arrow at you.
The stone arrow hits you!!
You die...

#.##.....9..........###
#......#.##.....##....#
.######.#.....>........#.#
.......E..#.##.....#####.#
..#####☼..).###...## #
.......##.### ##.##
..####( #9# #.# .. #.# #.#
... #@# #.#
...............#
.....##.####### ##.... #.#
### #.# ..# ###


You could see a gargoyle.

Vanquished Creatures
  2 two-headed ogres
  A deep elf pyromancer (D:12)
  A cyclops (D:12)
  A manticore (D:12)
  2 gargoyles (D:11)
  Maggie (D:7)
  2 trolls
  Grinder (D:3)
  4 wraiths
  A vampire (D:10)
  A wyvern (D:10)
  9 yaks
  A steam dragon (D:7)
  3 water moccasins
  6 acid dragons
  2 ice beasts (D:5)
  2 black bears (D:6)
  An orc warrior (D:11)
  2 ogres
  A phantom (D:6)
  A kobold brigand (D:10)
  A gnoll sergeant (D:6)
  4 bullfrogs
  3 scorpions
  A vampire bat (D:9)
  3 howler monkeys
  A jelly (D:6)
  A bombardier beetle (D:5)
  3 orc priests (D:9)
  4 hounds
  Crazy Yiuf (D:3)
  Jessica (D:3)
  4 iguanas (D:6)
  4 orc wizards
  Robin (D:4)
  5 gnolls (D:6)
  8 adders
  2 dart slugs
  4 ribbon worms
  21 orcs
  7 ball pythons
  5 endoplasms
  3 giant cockroaches
  11 goblins
  9 hobgoblins
  4 jackals (D:5)
  10 kobolds
  4 quokkas
  11 bats
  6 frilled lizards
  9 rats
196 creatures vanquished.

Notes
Turn   | Place    | Note
-------+----------+-------------------------------------------
     0 | D:1      | Doomgape the Gargoyle Fighter began the quest for the Orb.
     0 | D:1      | Reached XP level 1. HP: 14/14 MP: 1/1
   515 | D:1      | Reached XP level 2. HP: 16/19 MP: 2/2
   855 | D:1      | Reached XP level 3. HP: 23/23 MP: 3/3
  1139 | D:2      | Reached XP level 4. HP: 29/29 MP: 4/4
  1274 | D:2      | Found the +7 hand cannon "Mule" {flame, backblast, rF+}
  1574 | D:2      | Reached skill level 4 in Fighting
  1702 | D:3      | Noticed Jessica
  1714 | D:3      | Killed Jessica
  1715 | D:3      | Reached XP level 5. HP: 33/33 MP: 5/5
  1762 | D:3      | Found a runed translucent door.
  1763 | D:3      | Noticed Crazy Yiuf
  1906 | D:3      | Noticed Grinder
  1911 | D:3      | Killed Grinder
  1912 | D:3      | Reached skill level 1 in Ranged Weapons
  1912 | D:3      | Reached XP level 6. HP: 31/39 MP: 6/6
  2323 | D:3      | Killed Crazy Yiuf
  2503 | D:4      | Found a staircase to the Ecumenical Temple.
  2505 | D:4      | Reached XP level 7. HP: 44/44 MP: 7/7
  2565 | D:4      | Noticed Robin
  2573 | D:4      | Killed Robin
  2726 | D:4      | Reached skill level 5 in Fighting
  2726 | D:4      | Reached skill level 5 in Armour
  2726 | D:4      | Reached skill level 5 in Shields
  3529 | D:5      | Entered Level 5 of the Dungeon
  3547 | D:5      | Found a stormy altar of Qazlal.
  3781 | D:5      | Found a glowing silver altar of Zin.
  3795 | D:5      | Reached XP level 8. HP: 50/50 MP: 8/8
  4254 | D:6      | Reached skill level 6 in Fighting
  4254 | D:6      | Reached skill level 5 in Maces & Flails
  4627 | D:6      | Reached XP level 9. HP: 51/56 MP: 6/9
  4907 | D:6      | Reached skill level 5 in Ranged Weapons
  5078 | D:7      | Reached skill level 7 in Fighting
  5278 | D:7      | Found Taqeynegi's Specific Store.
  5280 | D:7      | Found Lyhuon's General Store.
  5290 | D:7      | Bought a potion of curing for 36 gold pieces
  5294 | D:7      | Bought a potion of curing for 42 gold pieces
  5392 | D:7      | Noticed Maggie
  5403 | D:7      | Killed Maggie
  5405 | D:7      | Reached skill level 8 in Fighting
  5408 | D:7      | You fall into a shaft and drop 2 floors!
  5420 | D:9      | Found Jiturul's Distillery.
  5433 | D:9      | Bought a potion of heal wounds for 60 gold pieces
  5433 | D:9      | Bought a potion of curing for 36 gold pieces
  5433 | D:9      | Noticed a two-headed ogre
  5449 | D:9      | Killed a two-headed ogre
  5589 | D:9      | Reached skill level 9 in Fighting
  5628 | D:9      | Identified the +1 trident of Qoigh {venom, rPois rN+ Str-3
                  | Int+4 Stlth+}
  5762 | D:9      | Reached XP level 10. HP: 66/66 MP: 10/10
  5792 | D:9      | Found a sparkling altar of Nemelex Xobeh.
  6177 | D:9      | Identified the +0 leather armour of the Earth {Regen+}
  6315 | D:10     | Entered Level 10 of the Dungeon
  6436 | D:10     | Reached skill level 10 in Fighting
  6888 | D:11     | Found a staircase to the Lair.
  6963 | D:11     | Noticed a gargoyle
  6968 | D:11     | Killed a gargoyle
  7103 | D:11     | Noticed a gargoyle
  7108 | D:11     | Reached skill level 11 in Fighting
  7120 | D:11     | Killed a gargoyle
  7128 | D:11     | Reached XP level 11. HP: 70/74 MP: 4/11
  7136 | D:11     | Reached skill level 10 in Ranged Weapons
  7771 | D:12     | Noticed a two-headed ogre
  7772 | D:12     | Found Roeqe's Jewellery Shoppe.
  7776 | D:12     | Killed a two-headed ogre
  7777 | D:12     | Reached skill level 1 in Dodging
  7798 | D:12     | Noticed a cyclops
  7802 | D:12     | Killed a cyclops
  7817 | D:12     | Noticed a manticore
  7828 | D:12     | Noticed a deep elf pyromancer
  7831 | D:12     | Killed a manticore
  7833 | D:12     | Killed a deep elf pyromancer
  7837 | D:12     | Killed from afar by a gargoyle

Illustrated notes

Levels and vault maps discovered:
D:1:      dpeg_arrival_short_road, layout_basic
D:2:      layout_loops_ring, chequers_serial_rivers_room_a, chequers_garden,
          minmay_fractal_squares_5
D:3:      layout_loops_ring, uniq_jessica, uniq_crazy_yiuf_cottage, uniq_grinder
D:4:      layout_layer_cave, minmay_temple_entry_slanted, uniq_robin
D:5:      layout_gridville, nicolae_qazlal_eye_of_the_storm, kennysheep_mini
D:6:      minmay_inner_zag, layout_loops_ring
D:7:      layout_basic, nicolae_specific_store, uniq_maggie
D:9:      layout_loops_cross, nemelex_diamond_rough_becter, serial_shops,
          nicolae_shop_industrial_runoff, roderic_batcave, evilmike_butchery
D:10:     layout_basic, bh_walls_and_bars
D:11:     layout_basic, lair_entry_dummy
D:12:     layout_loops_ring, david_orc_5, serial_shops, shop_fountains

Skill      XL: |  1  2  3  4  5  6  7  8  9 10 11 |
---------------+----------------------------------+-----
Fighting       | 4 5 6 9 11 | 11.7
Armour         | 4 5 6 |  6.3
Shields        | 4 5 6 |  6.3
Maces & Flails | 3 4 5 |  5.3
Ranged Weapons | 1 2 3 4 7 9 10 | 10.8
Dodging        | 3 |  3.0

Action                     |  1- 3 |  4- 6 |  7- 9 | 10-12 || total
---------------------------+-------+-------+-------+-------++-------
  Melee: Flail             |   106 |    18 |       |       ||   124
   Fire: Hand cannon       |       |    53 |   194 |   168 ||   415
    Use: Scroll            |       |       |    14 |     2 ||    16
         Potion            |       |       |       |     4 ||     4
 Armour: Scale mail        |    94 |    34 |    71 |       ||   199
         Steam dragon scal |       |       |    20 |    22 ||    42
         Leather armour    |       |       |       |    68 ||    68
  Dodge: Dodged            |    74 |    21 |    63 |    50 ||   208
  Block: Buckler           |    26 |     9 |    22 |    22 ||    79
